Avalanche vs Kraken

Created - February 16, 2025 at 21:33

Goals
1 2 3 T
Avalanche 1 1 0 2
Kraken 2 0 2 4
Shots
1 2 3 T
Avalanche 3 13 5 21
Kraken 12 15 9 36

1st period

1. Kraken , Tyler Bertuzzi 13 (Jalen Chatfield 6, Jamie Oleksiak 6) at 3:41
2. Avalanche , Jean-Gabriel Pageau 18 (Kyle Clifford 32, Robin Lehner) at 4:34
3. Kraken , Brendan Gallagher 23 (Ryan Nugent-Hopkins 30, Olli Maatta 17) at 8:17

Penalties :
No Penalty

2nd period

4. Avalanche , Luke Witkowski 1 (Jack Johnson 9, Joseph Blandisi 14) at 8:01

Penalties :
Jack Johnson (Col) for Hooking (Minor) at 9:12

3rd period

5. Kraken , Andrei Loktionov 10 (Tyler Bertuzzi 13) at 11:28
6. Kraken , Brendan Gallagher 24 (Ryan Nugent-Hopkins 31, Zach Bogosian 21) at 14:38 (PP)

Penalties :
Alex Tuch (Sea) for Cross-checking (Minor) at 2:38, Ryan Hartman (Col) for Boarding (Minor) at 14:22, Marcus Johansson (Sea) for Cross-checking (Minor) at 14:45

Goalie Stats

Robin Lehner (Col), 32 saves from 36 shots - (0.889), L, 19-16-2, 60:00 minutes
Laurent Brossoit (Sea), 19 saves from 21 shots - (0.905), W, 17-19-3, 60:00 minutes

Players Stats for Avalanche

Player Name              G  A  P  +/- PIM S  H  SB GA TA FO     MP     PP MP  PK MP  
------------------------------------------------------------------------------------
Andrei Kuzmenko          0  0  0   0  0   1  3  0  1  0  0/0    17:26   1:56   0:00 
Anthony Duclair          0  0  0  -1  0   1  0  0  0  0  0/0     7:37   0:00   0:30 
Bryan Little             0  0  0   0  0   2  2  1  1  1  4/12   18:02   1:56   0:30 
David Rundblad           0  0  0   0  0   0  0  0  0  0  0/0    18:53   1:34   0:57 
Erik Karlsson            0  0  0   0  0   0  2  0  0  0  0/0    18:43   1:34   0:46 
Jack Johnson             0  1  1  -1  2   1  1  2  0  1  0/0    24:26   2:24   0:16 
Jacob Slavin             0  0  0  -1  0   1  1  1  1  1  0/0    25:35   2:24   1:29 
Jarred Tinordi           0  0  0   0  0   1  1  1  0  1  0/0    16:41   0:00   1:02 
Jean-Gabriel Pageau      1  0  1  -1  0   1  3  1  0  0  11/23  19:29   2:02   1:15 
Joseph Blandisi          0  1  1   1  0   2  0  0  0  0  0/0    13:55   0:00   0:00 
Kyle Clifford            0  1  1  -2  0   2  3  1  0  1  3/3    23:40   2:02   1:15 
Luke Witkowski           1  0  1   1  0   1  0  0  1  0  2/2    15:04   0:00   0:00 
Nick Cousins             0  0  0   0  0   0  0  0  0  0  0/0     3:52   0:00   0:00 
Patric Hornqvist         0  0  0   0  0   0  0  0  0  0  0/0    17:26   1:56   0:00 
Rickard Rakell           0  0  0  -1  0   4  4  1  0  0  1/1    18:14   2:02   0:00 
Ryan Hartman             0  0  0  -1  2   0  2  0  0  0  0/0     8:33   0:00   0:30 
Ryan O'Reilly            0  0  0   1  0   2  4  0  0  1  2/3    14:25   0:00   0:30 
Stefan Elliott           0  0  0   0  0   2  0  1  1  0  0/0    15:42   0:00   0:00 

Players Stats for Kraken

Player Name              G  A  P  +/- PIM S  H  SB GA TA FO     MP     PP MP  PK MP  
------------------------------------------------------------------------------------
Alex Tuch                0  0  0   2  2   1  1  0  0  0  0/0    16:51   1:01   0:00 
Andrei Loktionov         1  0  1   2  0   4  0  1  1  0  3/8    16:44   1:01   0:00 
Brendan Gallagher        2  0  2   0  0   5  3  0  2  0  2/3    19:40   1:14   1:17 
Erik Gudbranson          0  0  0   0  0   3  1  2  0  3  0/0    23:52   1:12   2:24 
Gabriel Bourque          0  0  0  -1  0   0  1  0  0  0  0/0     8:48   0:00   0:32 
Gustav Nyquist           0  0  0  -1  0   1  2  0  0  0  0/0     8:42   0:00   0:00 
Jalen Chatfield          0  1  1   1  0   0  0  0  0  0  0/0    18:02   0:00   0:00 
Jamie Oleksiak           0  1  1   1  0   0  2  1  0  0  0/0    18:15   0:00   0:00 
JT Compher               0  0  0   0  0   2  1  1  0  0  0/0    11:59   0:00   0:00 
Kyle Rau                 0  0  0  -1  0   3  0  0  0  0  0/0     8:16   0:00   0:00 
Logan Couture            0  0  0   0  0   1  1  0  0  0  4/8    14:47   0:00   2:03 
Marcus Johansson         0  0  0   0  2   4  1  1  0  0  1/2    18:30   1:14   0:00 
Nikita Zaitsev           0  0  0   0  0   2  1  0  0  1  0/0    18:06   1:03   1:34 
Olli Maatta              0  1  1   0  0   1  1  2  1  1  0/0    22:44   1:03   1:34 
Ryan Nugent-Hopkins      0  2  2   0  0   0  3  0  0  0  11/22  19:41   1:14   1:17 
Tyler Bertuzzi           1  1  2   2  0   6  2  0  1  0  0/0    18:37   1:01   2:03 
Zach Bogosian            0  1  1   0  0   2  0  3  1  0  0/0    19:01   1:12   2:24 
Zach Hyman               0  0  0   0  0   1  1  0  0  0  0/1    13:25   0:00   0:44 

3 Stars

1 - Brendan Gallagher (Sea)
2 - Tyler Bertuzzi (Sea)
3 - Andrei Loktionov (Sea)

Power Play

Avalanche - 0 on 2 Attempt(s) - 0.00%
Kraken - 1 on 2 Attempt(s) - 50.00%

Penalty Kill

Avalanche - 1 on 2 Attempt(s) - 50.00% - Score 0 goal in Penalty Kill
Kraken - 2 on 2 Attempt(s) - 100.00% - Score 0 goal in Penalty Kill

Team Stat

Avalanche - Hits : 26 - Faceoff Wins : 23 - Blocked Shots : 9 - Penalty Minutes : 4
Kraken - Hits : 21 - Faceoff Wins : 21 - Blocked Shots : 11 - Penalty Minutes : 4

Official

Referees : Kendrick Nicholson and Beaudry Halkidis
Linesman : Ryan Galloway and Michel Cormier

Game Notes

No Game Note

Finance

Level 1 -- Attendance: 5436 (90.60%) -- Ticket Income $543,600
Level 2 -- Attendance: 4676 (93.52%) -- Ticket Income $327,320
Level 3 -- Attendance: 2000 (100.00%) -- Ticket Income $80,000
Level 4 -- Attendance: 3514 (87.85%) -- Ticket Income $105,420
Luxury Box -- Attendance: 959 (95.90%) -- Ticket Income $191,800
Game was played at the Climate Pledge Arena.
Total Attendance: 16585 (92.14%)
Total Ticket Income: $1,248,140
Other Income: $187,221
Total Income: $1,435,361

Avalanche

5 vs 5 Forward 
   Center                   Left Wing                Right Wing               Time % Phy DF OF 
 1 Jean-Gabriel Pageau      Kyle Clifford            Rickard Rakell           40     1   2  2  
 2 Bryan Little             Andrei Kuzmenko          Patric Hornqvist         30     1   2  2  
 3 Ryan O'Reilly            Joseph Blandisi          Luke Witkowski           20     1   2  2  
 4 Kyle Clifford            Anthony Duclair          Ryan Hartman             10     1   2  2  

5 vs 5 Defense 
   Defense                  Defense                                           Time % Phy DF OF 
 1 Jacob Slavin             Jack Johnson                                      40     1   2  2  
 2 Erik Karlsson            David Rundblad                                    30     1   2  2  
 3 Stefan Elliott           Jarred Tinordi                                    20     1   2  2  
 4 Jacob Slavin             Jack Johnson                                      10     1   2  2  

PowerPlay Forward 
   Center                   Left Wing                Right Wing               Time % Phy DF OF 
 1 Jean-Gabriel Pageau      Kyle Clifford            Rickard Rakell           60     1   2  2  
 2 Bryan Little             Andrei Kuzmenko          Patric Hornqvist         40     1   2  2  

PowerPlay Defense
   Defense                  Defense                                           Time % Phy DF OF 
 1 Jacob Slavin             Jack Johnson                                      60     1   2  2  
 2 Erik Karlsson            David Rundblad                                    40     1   2  2  

Penalty Kill 4 Players Forward 
   Center                   Wing                     Time % Phy DF OF 
 1 Kyle Clifford            Jean-Gabriel Pageau      60     1   2  2  
 2 Bryan Little             Ryan O'Reilly            40     1   2  2  

Penalty Kill 4 Players Defense
   Defense                  Defense                  Time % Phy DF OF 
 1 Jacob Slavin             Jack Johnson             60     1   2  2  
 2 Erik Karlsson            David Rundblad           40     1   2  2  

Penalty Kill - 3 Players Forward 
   Forward                                           Time % Phy DF OF 
 1 Kyle Clifford                                     60     1   2  2  
 2 Jean-Gabriel Pageau                               40     1   2  2  

Penalty Kill - 3 Players Defense
   Defense                  Defense                  Time % Phy DF OF 
 1 Jacob Slavin             Jack Johnson             60     1   2  2  
 2 Erik Karlsson            David Rundblad           40     1   2  2  

4 vs 4 Forward 
   Center                   Wing                     Time % Phy DF OF 
 1 Kyle Clifford            Jean-Gabriel Pageau      60     1   2  2  
 2 Bryan Little             Ryan O'Reilly            40     1   2  2  

4 vs 4 Defense
   Defense                  Defense                  Time % Phy DF OF 
 1 Jacob Slavin             Jack Johnson             60     1   2  2  
 2 Erik Karlsson            David Rundblad           40     1   2  2  

Last Minutes Offensive
   Center                   Left Wing                Right Wing               Defense                  Defense                  
   Jean-Gabriel Pageau      Kyle Clifford            Rickard Rakell           Jacob Slavin             Jack Johnson             

Last Minutes Defensive
   Center                   Left Wing                Right Wing               Defense                  Defense                  
   Jean-Gabriel Pageau      Kyle Clifford            Rickard Rakell           Jacob Slavin             Jack Johnson             

Goaltenders
Starting : Robin Lehner             
Backup : Semyon Varlamov          

Extra Forwards
Normal : Nick Cousins, Luke Witkowski, Ryan Hartman - PP : Nick Cousins, Luke Witkowski - PK : Ryan Hartman
Extra Defensemen
Normal : Stefan Elliott, Jarred Tinordi, Erik Karlsson - PP : Stefan Elliott - PK : Jarred Tinordi, Erik Karlsson
Penalty Shots
Kyle Clifford, Jean-Gabriel Pageau, Bryan Little, Ryan O'Reilly, Rickard Rakell
Custom OT Lines Forwards
Kyle Clifford, Jean-Gabriel Pageau, Bryan Little, Ryan O'Reilly, Rickard Rakell, Patric Hornqvist, Andrei Kuzmenko, Luke Witkowski, Ryan Hartman, Nick Cousins
Custom OT Lines Defensemen
Jacob Slavin, Jack Johnson, Erik Karlsson, David Rundblad, Stefan Elliott

Scratches
Drake Caggiula (Healthy), Vladislav Gavrikov (Healthy)

Kraken

5 vs 5 Forward 
   Center                   Left Wing                Right Wing               Time % Phy DF OF 
 1 Ryan Nugent-Hopkins      Marcus Johansson         Brendan Gallagher        40     0   2  3  
 2 Andrei Loktionov         Tyler Bertuzzi           Alex Tuch                30     0   2  3  
 3 Logan Couture            JT Compher               Zach Hyman               25     0   2  3  
 4 Kyle Rau                 Gabriel Bourque          Gustav Nyquist           5      1   2  2  

5 vs 5 Defense 
   Defense                  Defense                                           Time % Phy DF OF 
 1 Erik Gudbranson          Olli Maatta                                       40     0   3  2  
 2 Zach Bogosian            Nikita Zaitsev                                    30     0   3  2  
 3 Jamie Oleksiak           Jalen Chatfield                                   29     0   3  2  
 4 Jamie Oleksiak           Jalen Chatfield                                   1      0   3  2  

PowerPlay Forward 
   Center                   Left Wing                Right Wing               Time % Phy DF OF 
 1 Andrei Loktionov         Tyler Bertuzzi           Alex Tuch                50     0   1  4  
 2 Ryan Nugent-Hopkins      Marcus Johansson         Brendan Gallagher        50     0   1  4  

PowerPlay Defense
   Defense                  Defense                                           Time % Phy DF OF 
 1 Olli Maatta              Nikita Zaitsev                                    50     0   1  4  
 2 Erik Gudbranson          Zach Bogosian                                     50     0   1  4  

Penalty Kill 4 Players Forward 
   Center                   Wing                     Time % Phy DF OF 
 1 Logan Couture            Tyler Bertuzzi           55     1   3  1  
 2 Ryan Nugent-Hopkins      Brendan Gallagher        45     1   3  1  

Penalty Kill 4 Players Defense
   Defense                  Defense                  Time % Phy DF OF 
 1 Erik Gudbranson          Zach Bogosian            55     1   3  1  
 2 Olli Maatta              Nikita Zaitsev           45     1   3  1  

Penalty Kill - 3 Players Forward 
   Forward                                           Time % Phy DF OF 
 1 Ryan Nugent-Hopkins                               50     1   3  1  
 2 Andrei Loktionov                                  50     1   3  1  

Penalty Kill - 3 Players Defense
   Defense                  Defense                  Time % Phy DF OF 
 1 Olli Maatta              Nikita Zaitsev           50     1   3  1  
 2 Erik Gudbranson          Zach Bogosian            50     1   3  1  

4 vs 4 Forward 
   Center                   Wing                     Time % Phy DF OF 
 1 Logan Couture            Zach Hyman               50     1   2  2  
 2 Andrei Loktionov         JT Compher               50     1   2  2  

4 vs 4 Defense
   Defense                  Defense                  Time % Phy DF OF 
 1 Olli Maatta              Nikita Zaitsev           50     1   2  2  
 2 Jalen Chatfield          Jamie Oleksiak           50     1   2  2  

Last Minutes Offensive
   Center                   Left Wing                Right Wing               Defense                  Defense                  
   Ryan Nugent-Hopkins      Marcus Johansson         Brendan Gallagher        Erik Gudbranson          Zach Bogosian            

Last Minutes Defensive
   Center                   Left Wing                Right Wing               Defense                  Defense                  
   Logan Couture            Tyler Bertuzzi           Gabriel Bourque          Olli Maatta              Nikita Zaitsev           

Goaltenders
Starting : Laurent Brossoit         
Backup : Ebbe Siönäs              

Extra Forwards
Normal : Logan Couture, Zach Hyman, Gustav Nyquist - PP : Logan Couture, JT Compher - PK : Zach Hyman
Extra Defensemen
Normal : Nikita Zaitsev, Jalen Chatfield, Olli Maatta - PP : Jamie Oleksiak - PK : Jalen Chatfield, Olli Maatta
Penalty Shots
Ryan Nugent-Hopkins, Brendan Gallagher, Andrei Loktionov, Marcus Johansson, Logan Couture
Custom OT Lines Forwards
Ryan Nugent-Hopkins, Brendan Gallagher, Andrei Loktionov, Marcus Johansson, Logan Couture, Tyler Bertuzzi, Alex Tuch, Zach Hyman, JT Compher, Gabriel Bourque
Custom OT Lines Defensemen
Erik Gudbranson, Zach Bogosian, Olli Maatta, Nikita Zaitsev, Jamie Oleksiak

Scratches
Victor Olofsson (Healthy)

% Time on Ice - Avalanche

Lines # - Real PCT - Wanted PCT - Time Play
Normal Forward
1 - 31% - 40% - 16:36
2 - 30% - 30% - 16:16
3 - 26% - 20% - 13:55
4 - 13% - 10% - 7:00
Normal Defense
1 - 35% - 40% - 19:03
2 - 30% - 30% - 16:22
3 - 27% - 20% - 14:37
4 - 7% - 10% - 3:45
PP Forward
1 - 51% - 60% - 2:02
2 - 49% - 40% - 1:56
PP Defense
1 - 61% - 60% - 2:24
2 - 39% - 40% - 1:34
PK Forward
1 - 78% - 60% - 1:45
2 - 22% - 40% - 0:30
PK Defense
1 - 76% - 60% - 1:42
2 - 24% - 40% - 0:33
PK3 Forward
1 - 0% - 60%
2 - 0% - 40%
PK3 Defense
1 - 0% - 60%
2 - 0% - 40%
44 Forward
1 - 0% - 60%
2 - 0% - 40%
44 Defense
1 - 0% - 60%
2 - 0% - 40%
Last Minute Offensive  - 0:00
Last Minute Defensive  - 0:00
Total
Forward - 60:00
Defense - 60:00

% Time on Ice - Kraken

Lines # - Real PCT - Wanted PCT - Time Play
Normal Forward
1 - 33% - 40% - 17:31
2 - 30% - 30% - 16:01
3 - 22% - 25% - 11:59
4 - 15% - 5% - 8:16
Normal Defense
1 - 37% - 40% - 20:06
2 - 29% - 30% - 15:44
3 - 32% - 29% - 17:11
4 - 1% - 1% - 0:46
PP Forward
1 - 45% - 50% - 1:01
2 - 55% - 50% - 1:14
PP Defense
1 - 47% - 50% - 1:03
2 - 53% - 50% - 1:12
PK Forward
1 - 68% - 55% - 2:41
2 - 32% - 45% - 1:17
PK Defense
1 - 61% - 55% - 2:24
2 - 39% - 45% - 1:34
PK3 Forward
1 - 0% - 50%
2 - 0% - 50%
PK3 Defense
1 - 0% - 50%
2 - 0% - 50%
44 Forward
1 - 0% - 50%
2 - 0% - 50%
44 Defense
1 - 0% - 50%
2 - 0% - 50%
Last Minute Offensive  - 0:00
Last Minute Defensive  - 0:00
Total
Forward - 60:00
Defense - 60:00

Play-by-Play

1st period


0:01 of 1st period - Jean-Gabriel Pageau wins face-off versus Ryan Nugent-Hopkins in neutral zone.
0:36 of 1st period - Off-side.
0:37 of 1st period - Luke Witkowski wins face-off versus Logan Couture in neutral zone.
0:52 of 1st period - Backhand shot by JT Compher.
0:52 of 1st period - Stopped by Robin Lehner with a rebound.
1:56 of 1st period - Ryan Nugent-Hopkins is hit by Jarred Tinordi and loses puck.
3:35 of 1st period - Slapshot by Andrei Loktionov.
3:35 of 1st period - Stopped by Robin Lehner with a rebound.
3:37 of 1st period - Slapshot by Jalen Chatfield.
3:37 of 1st period - Shot Blocked by Jack Johnson.
3:39 of 1st period - Slapshot by Jamie Oleksiak.
3:39 of 1st period - Shot Misses the Net.
3:41 of 1st period - Slapshot by Jalen Chatfield.
3:41 of 1st period - Deflect By Tyler Bertuzzi.
3:41 of 1st period - Goal by Tyler Bertuzzi - Avalanche : 0 - Kraken : 1.
3:42 of 1st period - Ryan Nugent-Hopkins wins face-off versus Bryan Little in neutral zone.
4:09 of 1st period - Nikita Zaitsev is hit by Rickard Rakell and loses puck.
4:14 of 1st period - Snap shot by Kyle Clifford.
4:14 of 1st period - Shot Hit the Post.
4:34 of 1st period - Backhand shot by Jean-Gabriel Pageau.
4:34 of 1st period - Goal by Jean-Gabriel Pageau - Avalanche : 1 - Kraken : 1.
4:35 of 1st period - Jean-Gabriel Pageau wins face-off versus Ryan Nugent-Hopkins in neutral zone.
4:38 of 1st period - Ryan Nugent-Hopkins is hit by Rickard Rakell and loses puck.
5:35 of 1st period - Jalen Chatfield is hit by Ryan O'Reilly and loses puck.
5:54 of 1st period - Snap shot by Ryan Nugent-Hopkins.
5:54 of 1st period - Deflect By Brendan Gallagher.
5:54 of 1st period - Shot Misses the Net.
5:54 of 1st period - Puck is out of play.
5:55 of 1st period - Ryan Nugent-Hopkins wins face-off versus Jean-Gabriel Pageau in Avalanche zone.
5:56 of 1st period - Snap shot by Brendan Gallagher.
5:56 of 1st period - Stopped by Robin Lehner with a rebound.
6:02 of 1st period - Snap shot by Brendan Gallagher.
6:02 of 1st period - Stopped by Robin Lehner with a rebound.
6:04 of 1st period - Snap shot by Ryan Nugent-Hopkins.
6:04 of 1st period - Shot Misses the Net.
6:06 of 1st period - Backhand shot by Olli Maatta.
6:06 of 1st period - Stopped by Robin Lehner without a rebound.
6:07 of 1st period - Ryan Nugent-Hopkins wins face-off versus Jean-Gabriel Pageau in Avalanche zone.
6:58 of 1st period - Snap shot by Tyler Bertuzzi.
6:58 of 1st period - Deflect By Andrei Loktionov.
6:58 of 1st period - Shot Misses the Net.
6:58 of 1st period - Puck is out of play.
6:59 of 1st period - Jean-Gabriel Pageau wins face-off versus Ryan Nugent-Hopkins in Avalanche zone.
7:48 of 1st period - Backhand shot by Andrei Kuzmenko.
7:48 of 1st period - Shot Blocked by Olli Maatta.
7:50 of 1st period - Snap shot by Ryan O'Reilly.
7:50 of 1st period - Deflect By Luke Witkowski.
7:50 of 1st period - Shot Blocked by Andrei Loktionov.
7:50 of 1st period - Puck is out of play.
7:51 of 1st period - Ryan O'Reilly wins face-off versus Andrei Loktionov in Kraken zone.
8:03 of 1st period - Snap shot by Jacob Slavin.
8:03 of 1st period - Shot Misses the Net.
8:05 of 1st period - Wrist shot by Joseph Blandisi.
8:05 of 1st period - Shot Misses the Net.
8:07 of 1st period - Snap shot by Ryan O'Reilly.
8:07 of 1st period - Shot Misses the Net.
8:17 of 1st period - Backhand shot by Brendan Gallagher.
8:17 of 1st period - Goal by Brendan Gallagher - Avalanche : 1 - Kraken : 2.
8:18 of 1st period - Ryan Nugent-Hopkins wins face-off versus Jean-Gabriel Pageau in neutral zone.
8:29 of 1st period - Slapshot by Zach Bogosian.
8:29 of 1st period - Shot Blocked by Jean-Gabriel Pageau.
8:52 of 1st period - Snap shot by Andrei Loktionov.
8:52 of 1st period - Stopped by Robin Lehner without a rebound.
8:53 of 1st period - Logan Couture wins face-off versus Bryan Little in Avalanche zone.
8:58 of 1st period - Wrist shot by Logan Couture.
8:58 of 1st period - Shot Misses the Net.
9:00 of 1st period - Snap shot by Zach Hyman.
9:00 of 1st period - Deflect By Logan Couture.
9:00 of 1st period - Shot Misses the Net.
9:00 of 1st period - Puck is out of play.
9:01 of 1st period - Bryan Little wins face-off versus Logan Couture in Avalanche zone.
9:32 of 1st period - Snap shot by Brendan Gallagher.
9:32 of 1st period - Shot Misses the Net.
9:34 of 1st period - Snap shot by Erik Gudbranson.
9:34 of 1st period - Stopped by Robin Lehner with a rebound.
9:36 of 1st period - Snap shot by Brendan Gallagher.
9:36 of 1st period - Shot Blocked by Jacob Slavin.
10:12 of 1st period - Wrist shot by Tyler Bertuzzi.
10:12 of 1st period - Stopped by Robin Lehner with a rebound.
10:14 of 1st period - Wrist shot by Jamie Oleksiak.
10:14 of 1st period - Shot Blocked by Jarred Tinordi.
11:16 of 1st period - Marcus Johansson is hit by Jean-Gabriel Pageau and loses puck.
11:59 of 1st period - Nikita Zaitsev is hit by Ryan O'Reilly and loses puck.
12:20 of 1st period - David Rundblad is hit by JT Compher and loses puck.
12:46 of 1st period - Snap shot by Andrei Kuzmenko.
12:46 of 1st period - Stopped by Laurent Brossoit with a rebound.
13:00 of 1st period - Ryan O'Reilly is hit by Gabriel Bourque.
13:26 of 1st period - Kyle Clifford is hit by Tyler Bertuzzi and loses puck.
13:44 of 1st period - Jack Johnson is hit by Logan Couture and loses puck.
13:59 of 1st period - Nikita Zaitsev is hit by Jack Johnson and loses puck.
14:16 of 1st period - Kyle Clifford is hit by Nikita Zaitsev and loses puck.
14:27 of 1st period - Wrist shot by Gustav Nyquist.
14:27 of 1st period - Deflect By David Rundblad.
14:27 of 1st period - Stopped by Robin Lehner without a rebound.
14:28 of 1st period - Bryan Little wins face-off versus Marcus Johansson in Avalanche zone.
14:28 of 1st period - Bryan Little is hit by Erik Gudbranson.
14:44 of 1st period - Wrist shot by Bryan Little.
14:44 of 1st period - Shot Blocked by Marcus Johansson.
14:54 of 1st period - Stefan Elliott is hit by Alex Tuch and loses puck.
15:17 of 1st period - Wrist shot by Rickard Rakell.
15:17 of 1st period - Stopped by Laurent Brossoit without a rebound.
15:18 of 1st period - Jean-Gabriel Pageau wins face-off versus Logan Couture in Kraken zone.
15:43 of 1st period - Marcus Johansson is hit by Andrei Kuzmenko and loses puck.
16:38 of 1st period - Wrist shot by Zach Bogosian.
16:38 of 1st period - Shot Misses the Net.
16:50 of 1st period - Logan Couture is hit by Andrei Kuzmenko and loses puck.
17:22 of 1st period - Wrist shot by Marcus Johansson.
17:22 of 1st period - Stopped by Robin Lehner with a rebound.
17:24 of 1st period - Snap shot by Jamie Oleksiak.
17:24 of 1st period - Shot Misses the Net.
17:42 of 1st period - Gabriel Bourque is hit by Kyle Clifford and loses puck.
18:38 of 1st period - Jack Johnson is hit by Ryan Nugent-Hopkins and loses puck.
18:55 of 1st period - Andrei Kuzmenko is hit by Jamie Oleksiak and loses puck.
Goals for this period are 1 for Avalanche vs 2 for Kraken.
Shots for this period are 3 for Avalanche vs 12 for Kraken.

2nd period


0:01 of 2nd period - Ryan Nugent-Hopkins wins face-off versus Jean-Gabriel Pageau in neutral zone.
0:08 of 2nd period - Snap shot by Ryan Nugent-Hopkins.
0:08 of 2nd period - Shot Blocked by Rickard Rakell.
0:31 of 2nd period - Wrist shot by Tyler Bertuzzi.
0:31 of 2nd period - Stopped by Robin Lehner with a rebound.
0:33 of 2nd period - Slapshot by Erik Gudbranson.
0:33 of 2nd period - Stopped by Robin Lehner with a rebound.
0:35 of 2nd period - Snap shot by Erik Gudbranson.
0:35 of 2nd period - Deflect By Patric Hornqvist.
0:35 of 2nd period - Stopped by Robin Lehner with a rebound.
0:49 of 2nd period - Wrist shot by Ryan O'Reilly.
0:49 of 2nd period - Shot Blocked by Zach Bogosian.
0:51 of 2nd period - Slapshot by Jarred Tinordi.
0:51 of 2nd period - Stopped by Laurent Brossoit with a rebound.
0:53 of 2nd period - Slapshot by Jarred Tinordi.
0:53 of 2nd period - Shot Blocked by Zach Bogosian.
0:55 of 2nd period - Wrist shot by Joseph Blandisi.
0:55 of 2nd period - Stopped by Laurent Brossoit with a rebound.
0:57 of 2nd period - Snap shot by Ryan O'Reilly.
0:57 of 2nd period - Stopped by Laurent Brossoit with a rebound.
0:59 of 2nd period - Slapshot by Stefan Elliott.
0:59 of 2nd period - Stopped by Laurent Brossoit without a rebound.
1:00 of 2nd period - Brendan Gallagher wins face-off versus Jean-Gabriel Pageau in Kraken zone.
1:00 of 2nd period - Brendan Gallagher is hit by Kyle Clifford.
1:51 of 2nd period - Slapshot by JT Compher.
1:51 of 2nd period - Stopped by Robin Lehner with a rebound.
1:53 of 2nd period - Slapshot by Nikita Zaitsev.
1:53 of 2nd period - Stopped by Robin Lehner with a rebound.
1:55 of 2nd period - Slapshot by Zach Hyman.
1:55 of 2nd period - Stopped by Robin Lehner without a rebound.
1:56 of 2nd period - Jean-Gabriel Pageau wins face-off versus Ryan Nugent-Hopkins in Avalanche zone.
2:21 of 2nd period - Icing by Rickard Rakell.
2:22 of 2nd period - Andrei Loktionov wins face-off versus Bryan Little in Avalanche zone.
2:39 of 2nd period - Snap shot by Bryan Little.
2:39 of 2nd period - Stopped by Laurent Brossoit without a rebound.
2:40 of 2nd period - Ryan Nugent-Hopkins wins face-off versus Jean-Gabriel Pageau in Kraken zone.
3:12 of 2nd period - Jalen Chatfield is hit by Rickard Rakell and loses puck.
3:31 of 2nd period - Slapshot by Kyle Clifford.
3:31 of 2nd period - Shot Misses the Net.
3:33 of 2nd period - Snap shot by Stefan Elliott.
3:33 of 2nd period - Deflect By Zach Hyman.
3:33 of 2nd period - Stopped by Laurent Brossoit with a rebound.
3:37 of 2nd period - Snap shot by Rickard Rakell.
3:37 of 2nd period - Shot Misses the Net.
3:39 of 2nd period - Snap shot by Kyle Clifford.
3:39 of 2nd period - Stopped by Laurent Brossoit with a rebound.
3:53 of 2nd period - Jarred Tinordi is hit by Jamie Oleksiak and loses puck.
4:16 of 2nd period - Logan Couture is hit by Kyle Clifford and loses puck.
4:32 of 2nd period - Logan Couture is hit by Rickard Rakell and loses puck.
4:47 of 2nd period - Snap shot by Kyle Clifford.
4:47 of 2nd period - Shot Blocked by Jamie Oleksiak.
4:53 of 2nd period - Slapshot by Kyle Clifford.
4:53 of 2nd period - Shot Misses the Net.
5:05 of 2nd period - Snap shot by Jean-Gabriel Pageau.
5:05 of 2nd period - Shot Hit the Post.
5:07 of 2nd period - Snap shot by Kyle Clifford.
5:07 of 2nd period - Stopped by Laurent Brossoit without a rebound.
5:08 of 2nd period - Ryan Nugent-Hopkins wins face-off versus Bryan Little in Kraken zone.
5:08 of 2nd period - Ryan Nugent-Hopkins is hit by Jacob Slavin.
5:40 of 2nd period - Slapshot by Erik Gudbranson.
5:40 of 2nd period - Shot Misses the Net.
6:49 of 2nd period - Jack Johnson is hit by Gustav Nyquist.
6:55 of 2nd period - David Rundblad is hit by Gustav Nyquist and loses puck.
7:24 of 2nd period - Snap shot by Kyle Rau.
7:24 of 2nd period - Stopped by Robin Lehner with a rebound.
7:26 of 2nd period - Wrist shot by Nikita Zaitsev.
7:26 of 2nd period - Stopped by Robin Lehner with a rebound.
7:46 of 2nd period - Slapshot by Kyle Rau.
7:46 of 2nd period - Shot Misses the Net.
7:48 of 2nd period - Wrist shot by Kyle Rau.
7:48 of 2nd period - Stopped by Robin Lehner without a rebound.
7:49 of 2nd period - Ryan O'Reilly wins face-off versus Ryan Nugent-Hopkins in Avalanche zone.
8:01 of 2nd period - Slapshot by Luke Witkowski.
8:01 of 2nd period - Goal by Luke Witkowski - Avalanche : 2 - Kraken : 2.
8:02 of 2nd period - Ryan Nugent-Hopkins wins face-off versus Bryan Little in neutral zone.
8:14 of 2nd period - Icing by Erik Gudbranson.
8:15 of 2nd period - Ryan Nugent-Hopkins wins face-off versus Jean-Gabriel Pageau in Kraken zone.
8:28 of 2nd period - Wrist shot by Ryan Nugent-Hopkins.
8:28 of 2nd period - Shot Blocked by Kyle Clifford.
8:30 of 2nd period - Snap shot by Marcus Johansson.
8:30 of 2nd period - Stopped by Robin Lehner with a rebound.
8:32 of 2nd period - Snap shot by Marcus Johansson.
8:32 of 2nd period - Stopped by Robin Lehner without a rebound.
8:33 of 2nd period - Andrei Loktionov wins face-off versus Bryan Little in Avalanche zone.
9:12 of 2nd period - Minor Penalty to Jack Johnson for Hooking.
9:13 of 2nd period - Kyle Clifford wins face-off versus Andrei Loktionov in Avalanche zone.
10:49 of 2nd period - Brendan Gallagher is hit by Bryan Little and loses puck.
11:12 of 2nd period - Penalty to Jack Johnson is over, Jack Johnson is back on ice.
11:27 of 2nd period - Logan Couture is hit by Ryan O'Reilly and loses puck.
12:06 of 2nd period - Stefan Elliott is hit by Zach Hyman and loses puck.
12:23 of 2nd period - Wrist shot by Ryan O'Reilly.
12:23 of 2nd period - Stopped by Laurent Brossoit with a rebound.
13:13 of 2nd period - Wrist shot by Joseph Blandisi.
13:13 of 2nd period - Stopped by Laurent Brossoit without a rebound.
13:14 of 2nd period - Logan Couture wins face-off versus Ryan O'Reilly in Kraken zone.
13:45 of 2nd period - Wrist shot by Andrei Kuzmenko.
13:45 of 2nd period - Shot Misses the Net.
13:51 of 2nd period - Jacob Slavin is hit by Ryan Nugent-Hopkins and loses puck.
14:45 of 2nd period - Jamie Oleksiak is hit by Ryan Hartman and loses puck.
15:28 of 2nd period - Slapshot by Andrei Loktionov.
15:28 of 2nd period - Shot Misses the Net.
15:30 of 2nd period - Slapshot by Tyler Bertuzzi.
15:30 of 2nd period - Deflect By Alex Tuch.
15:30 of 2nd period - Shot Misses the Net.
15:30 of 2nd period - Puck is out of play.
15:31 of 2nd period - Luke Witkowski wins face-off versus Andrei Loktionov in Avalanche zone.
15:50 of 2nd period - Snap shot by Andrei Loktionov.
15:50 of 2nd period - Stopped by Robin Lehner without a rebound.
15:51 of 2nd period - Marcus Johansson wins face-off versus Bryan Little in Avalanche zone.
16:00 of 2nd period - Wrist shot by Brendan Gallagher.
16:00 of 2nd period - Shot Blocked by Bryan Little.
16:02 of 2nd period - Snap shot by Zach Bogosian.
16:02 of 2nd period - Stopped by Robin Lehner without a rebound.
16:03 of 2nd period - Jean-Gabriel Pageau wins face-off versus Brendan Gallagher in Avalanche zone.
16:12 of 2nd period - Snap shot by Rickard Rakell.
16:12 of 2nd period - Stopped by Laurent Brossoit without a rebound.
16:13 of 2nd period - Jean-Gabriel Pageau wins face-off versus Ryan Nugent-Hopkins in Kraken zone.
16:34 of 2nd period - Backhand shot by Rickard Rakell.
16:34 of 2nd period - Shot Misses the Net.
16:36 of 2nd period - Snap shot by Rickard Rakell.
16:36 of 2nd period - Stopped by Laurent Brossoit without a rebound.
16:37 of 2nd period - Bryan Little wins face-off versus Andrei Loktionov in Kraken zone.
17:27 of 2nd period - Backhand shot by Zach Bogosian.
17:27 of 2nd period - Stopped by Robin Lehner with a rebound.
17:59 of 2nd period - Backhand shot by Zach Bogosian.
17:59 of 2nd period - Shot Blocked by Jack Johnson.
18:49 of 2nd period - Wrist shot by Logan Couture.
18:49 of 2nd period - Stopped by Robin Lehner without a rebound.
18:50 of 2nd period - Jean-Gabriel Pageau wins face-off versus Zach Hyman in Avalanche zone.
Goals for this period are 1 for Avalanche vs 0 for Kraken.
Shots for this period are 13 for Avalanche vs 15 for Kraken.

3rd period


0:01 of 3rd period - Brendan Gallagher wins face-off versus Jean-Gabriel Pageau in neutral zone.
0:17 of 3rd period - Backhand shot by Jacob Slavin.
0:17 of 3rd period - Shot Blocked by Erik Gudbranson.
1:17 of 3rd period - Wrist shot by Kyle Rau.
1:17 of 3rd period - Stopped by Robin Lehner without a rebound.
1:18 of 3rd period - Ryan Nugent-Hopkins wins face-off versus Bryan Little in Avalanche zone.
1:21 of 3rd period - Snap shot by Brendan Gallagher.
1:21 of 3rd period - Deflect By Marcus Johansson.
1:21 of 3rd period - Shot Misses the Net.
1:21 of 3rd period - Puck is out of play.
1:22 of 3rd period - Bryan Little wins face-off versus Ryan Nugent-Hopkins in Avalanche zone.
1:38 of 3rd period - Jalen Chatfield is hit by Andrei Kuzmenko.
1:56 of 3rd period - Wrist shot by Ryan Nugent-Hopkins.
1:56 of 3rd period - Deflect By Marcus Johansson.
1:56 of 3rd period - Stopped by Robin Lehner with a rebound.
1:58 of 3rd period - Snap shot by Brendan Gallagher.
1:58 of 3rd period - Shot Misses the Net.
2:14 of 3rd period - Wrist shot by Brendan Gallagher.
2:14 of 3rd period - Stopped by Robin Lehner without a rebound.
2:15 of 3rd period - Andrei Loktionov wins face-off versus Jean-Gabriel Pageau in Avalanche zone.
2:38 of 3rd period - Minor Penalty to Alex Tuch for Cross-checking.
2:39 of 3rd period - Rickard Rakell wins face-off versus Logan Couture in Kraken zone.
2:50 of 3rd period - Slapshot by Rickard Rakell.
2:50 of 3rd period - Shot Blocked by Erik Gudbranson.
3:32 of 3rd period - Olli Maatta is hit by Jean-Gabriel Pageau and loses puck.
4:37 of 3rd period - Logan Couture is hit by Bryan Little and loses puck.
4:38 of 3rd period - Penalty to Alex Tuch is over, Alex Tuch is back on ice.
5:35 of 3rd period - Wrist shot by Marcus Johansson.
5:35 of 3rd period - Shot Blocked by Stefan Elliott.
6:06 of 3rd period - Jamie Oleksiak is hit by Ryan O'Reilly and loses puck.
6:19 of 3rd period - Andrei Kuzmenko is hit by Marcus Johansson and loses puck.
7:28 of 3rd period - David Rundblad is hit by Tyler Bertuzzi and loses puck.
8:19 of 3rd period - Jacob Slavin is hit by Ryan Nugent-Hopkins and loses puck.
8:42 of 3rd period - JT Compher is hit by Ryan Hartman and loses puck.
9:01 of 3rd period - Snap shot by Alex Tuch.
9:01 of 3rd period - Stopped by Robin Lehner with a rebound.
9:03 of 3rd period - Wrist shot by Tyler Bertuzzi.
9:03 of 3rd period - Stopped by Robin Lehner without a rebound.
9:04 of 3rd period - Kyle Clifford wins face-off versus Andrei Loktionov in Avalanche zone.
9:34 of 3rd period - Snap shot by Jacob Slavin.
9:34 of 3rd period - Shot Blocked by Zach Bogosian.
10:31 of 3rd period - Wrist shot by Tyler Bertuzzi.
10:31 of 3rd period - Stopped by Robin Lehner with a rebound.
10:33 of 3rd period - Snap shot by Tyler Bertuzzi.
10:33 of 3rd period - Stopped by Robin Lehner with a rebound.
11:28 of 3rd period - Snap shot by Andrei Loktionov.
11:28 of 3rd period - Goal by Andrei Loktionov - Avalanche : 2 - Kraken : 3.
11:29 of 3rd period - Jean-Gabriel Pageau wins face-off versus Ryan Nugent-Hopkins in neutral zone.
11:34 of 3rd period - Ryan Nugent-Hopkins is hit by Jean-Gabriel Pageau and loses puck.
11:55 of 3rd period - Andrei Kuzmenko is hit by Olli Maatta and loses puck.
12:15 of 3rd period - Slapshot by Kyle Clifford.
12:15 of 3rd period - Deflect By Anthony Duclair.
12:15 of 3rd period - Stopped by Laurent Brossoit with a rebound.
12:20 of 3rd period - Erik Gudbranson is hit by Erik Karlsson and loses puck.
12:37 of 3rd period - Snap shot by Bryan Little.
12:37 of 3rd period - Stopped by Laurent Brossoit with a rebound.
13:21 of 3rd period - Nick Cousins is hit by Brendan Gallagher and loses puck.
13:57 of 3rd period - Patric Hornqvist is hit by Brendan Gallagher and loses puck.
14:17 of 3rd period - Snap shot by Bryan Little.
14:17 of 3rd period - Shot Blocked by JT Compher.
14:22 of 3rd period - Minor Penalty to Ryan Hartman for Boarding.
14:23 of 3rd period - Kyle Clifford wins face-off versus Ryan Nugent-Hopkins in Avalanche zone.
14:36 of 3rd period - Backhand shot by Brendan Gallagher.
14:36 of 3rd period - Shot Misses the Net.
14:38 of 3rd period - Backhand shot by Brendan Gallagher.
14:38 of 3rd period - Goal by Brendan Gallagher - Avalanche : 2 - Kraken : 4.
14:39 of 3rd period - Jean-Gabriel Pageau wins face-off versus Ryan Nugent-Hopkins in neutral zone.
14:42 of 3rd period - Snap shot by Jacob Slavin.
14:42 of 3rd period - Stopped by Laurent Brossoit without a rebound.
14:43 of 3rd period - Ryan Nugent-Hopkins wins face-off versus Jean-Gabriel Pageau in Kraken zone.
14:45 of 3rd period - Minor Penalty to Marcus Johansson for Cross-checking.
14:46 of 3rd period - Logan Couture wins face-off versus Jean-Gabriel Pageau in Kraken zone.
15:20 of 3rd period - Slapshot by Bryan Little.
15:20 of 3rd period - Shot Misses the Net.
15:22 of 3rd period - Slapshot by Jack Johnson.
15:22 of 3rd period - Stopped by Laurent Brossoit without a rebound.
15:23 of 3rd period - Logan Couture wins face-off versus Jean-Gabriel Pageau in Kraken zone.
15:40 of 3rd period - Wrist shot by Rickard Rakell.
15:40 of 3rd period - Stopped by Laurent Brossoit with a rebound.
15:50 of 3rd period - Logan Couture is hit by Erik Karlsson and loses puck.
15:57 of 3rd period - Wrist shot by Andrei Kuzmenko.
15:57 of 3rd period - Shot Misses the Net.
15:59 of 3rd period - Snap shot by Jack Johnson.
15:59 of 3rd period - Shot Blocked by Olli Maatta.
16:45 of 3rd period - Penalty to Marcus Johansson is over, Marcus Johansson is back on ice.
16:59 of 3rd period - Erik Karlsson is hit by Brendan Gallagher and loses puck.
19:04 of 3rd period - Icing by Erik Karlsson.
19:05 of 3rd period - Jean-Gabriel Pageau wins face-off versus Ryan Nugent-Hopkins in Avalanche zone.
Goals for this period are 0 for Avalanche vs 2 for Kraken.
Shots for this period are 5 for Avalanche vs 9 for Kraken.